 Dungeon Crawl Stone Soup version 0.20-a0-495-g2241292 (webtiles) character file.

11 M4edhros the Grave Robber (level 2, -10/17 HPs)
             Began as an Octopode Necromancer on Jan 19, 2017.
             Mangled by eskilway's ghost (13 damage)
             ... on level 3 of the Dungeon.
             The game lasted 00:01:37 (242 turns).

M4edhros the Grave Robber (Octopode Necromancer)     Turns: 242, Time: 00:01:37

Health: -10/17     AC:  1    Str:  7    XL:     2   Next: 25%
Magic:  3/5        EV: 13    Int: 17    God:
Gold:   31         SH:  0    Dex: 12    Spells: 3/5 levels left

rFire    + . .     SeeInvis .     - Unarmed
rCold    . . .     Gourm    .   (no shield)
rNeg     . . .     Faith    .   (helmet restricted)
rPois    .         Spirit   .   (no amulet)
rElec    .         Reflect  .   d - ring of protection from fire
rCorr    .         Harm     .   (no ring)
MR       .....                  (no ring)
Stlth    +++.......             (no ring)
Regen    0.1/turn               (no ring)
                                (no ring)
                                (no ring)
                                (no ring)

@: no status effects
A: almost no armour, stealthy swim, amphibious, 8 rings, constrict 8, camouflage
1, gelatinous body 1
a: no special abilities


You were on level 3 of the Dungeon.
You were not hungry.

You visited 1 branch of the dungeon, and saw 3 of its levels.

You collected 31 gold pieces.

Inventory:

Jewellery
 d - a ring of protection from fire (left tentacle)
Scrolls
 c - a scroll of enchant weapon {unknown}
Books
 a - a book of Necromancy

   Spells                             Type                      Level
   a - Pain                           Necromancy                   1
   b - Animate Skeleton               Necromancy                   1
   c - Vampiric Draining              Necromancy                   3
   d - Regeneration                   Charms/Necromancy            3
   e - Animate Dead                   Necromancy                   4
   f - Control Undead                 Necromancy                   4
Comestibles
 b - a bread ration
 f - a meat ration


   Skills:
 - Level 2.0 Dodging
 - Level 2.6 Stealth
 + Level 1.8 Unarmed Combat
 - Level 2.0 Spellcasting
 - Level 4.0 Necromancy


You had 3 spell levels left.
You knew the following spells:

 Your Spells              Type           Power        Failure   Level  Hunger
a - Pain                  Necr           ###.         3%          1    #......
b - Animate Skeleton      Necr           N/A          3%          1    #......


Dungeon Overview and Level Annotations

Branches:
Dungeon (3/15)

Altars:
Yredelemnul

Annotations:
D:3 eskilway's ghost, amateur TrFi


Innate Abilities, Weirdness & Mutations

You cannot wear most types of armour.
You are very stealthy in the water. (Stealth+)
You are amphibious.
You can wear up to eight rings at the same time.
You can use your tentacles to constrict eight enemies at once.
Your skin changes colour to match your surroundings (Stealth+).
Your rubbery body absorbs attacks. (AC +1, EV +1)


Message History

An orc comes into view. It is wielding a dagger.
You aren't carrying any potions.
You aren't carrying any items that you can evoke.
The kobold throws a stone.
The stone closely misses you.
You see here a stone.
Found a scroll labeled BAKHLEAMM WOSA.
Found a spear and a scroll labeled BAENIUR SOECU.
Found an escape hatch in the ceiling.
Found a murky coppery potion.
You see here a scroll labeled BAKHLEAMM WOSA.
c - a scroll labeled BAKHLEAMM WOSA A leopard gecko, 3 orcs and an orc wizard come into view.
Found a basalt altar of Yredelemnul.
The orc shouts!
Eskilway's ghost (amateur Troll Fighter) comes into view.
Eskilway's ghost turns its malevolent gaze towards you.
You hear a shout!
Eskilway's ghost hits you!
Ouch! That really hurt!
You die...

..l....#..#
#.....# #[#
..oo.....<#
#.....# ..
......?#.K#
#.....# ..
...o...#o.#
#.....# .
#..o..##.o#
#.....#
###.####..##
#.....#
..........#
###.### .
##.#####...#
##.####... #
#..@#
#<†.......
#.W..#
##...##...
##.#.# #...#
..#.#
#.##...
.###.# #.#
...?. #. .#
#.# .... #
.. ..# ...Y
## ### .


You could see eskilway's ghost, 2 orcs and a kobold.

Vanquished Creatures
  A bat (D:2)
  2 goblins (D:1)
  A hobgoblin (D:2)
  4 frilled lizards
  3 kobolds
11 creatures vanquished.

Notes
Turn   | Place    | Note
-------+----------+-------------------------------------------
     0 | D:1      | M4edhros the Octopode Necromancer began the quest for the Orb.
     0 | D:1      | Reached XP level 1. HP: 11/11 MP: 3/3
    20 | D:1      | You fall through a shaft!
    65 | D:1      | Reached skill level 1 in Unarmed Combat
   100 | D:1      | Learned a level 1 spell: Animate Skeleton
   124 | D:1      | Reached XP level 2. HP: 4/17 MP: 0/5
   183 | D:3      | Noticed an ice beast
   234 | D:3      | Found a basalt altar of Yredelemnul.
   238 | D:3      | Noticed eskilway's ghost (amateur TrFi)
   242 | D:3      | Mangled by eskilway's ghost

Vault maps used:
D:1:      zelgadis_glass_arrival_small, minmay_misc_feat_columns
D:2:      hangedman_decor_riveting, uniq_terence
D:3:      old_standard_altar, amethyst_overflow_temple_binary, first_bread

Skill      XL: |  1 |
---------------+----+-----
Unarmed Combat | 1 |  1.8
Dodging        | |  2.0
Stealth        | |  2.6
Spellcasting   | |  2.0
Necromancy     | |  4.0

Action                   || total
-------------------------++-------
Melee: Unarmed           ||     7
       Constrict         ||     1
 Cast: Pain              ||    18
  Use: Scroll            ||     1
Dodge: Dodged            ||    12
